cohdb
Replays
Latest Replays
All Replays
Popular Replays
Top Player Replays
Match Explorer
How It Works
Community
CoH3 Stats
Reddit
Sign in to upload your games and track your stats! →
Sign in with Steam
Match 40003868
Unlisted
Match 40003868
Overview
Messages
Build Orders
End
Kradschützen Motorcycle Team
Panzergrenadier Squad
Panzergrenadier Squad
Construct Light Support Kompanie
Panzerjäger Squad
Selects Panzerjäger Kommand Battlegroup
2.5-tonne Medical Truck
Fire Support Elements
Panzerjäger Mechanized Group
Veteran Squad Leaders
Flakvierling Half-track
Selects Blockade Equipment
Selects Defensive Positions
Selects Tank Busters
le.IG 18 Support Gun Team
OLDCOM
cћk247
Good bye
Decoy
Kanade
Vetkin
Haritm_船长
♤☠ ҉ 新♌颖 ҉ ☠✠
0
0
Comments
sign in to comment!
No comments posted yet!